 Dungeon Crawl Stone Soup version 0.28-a0-1510-gd0f6b136d3 (webtiles) character file.

Game seed: 7879778087613042846

489 enile the Sneak (level 7, -7/61 HPs)
             Began as a Ghoul Wanderer on Jan 15, 2022.
             Was a Believer of Ashenzari.
             Mangled by an iguana (11 damage)
             ... on level 5 of the Dungeon.
             The game lasted 00:09:08 (4668 turns).

enile the Sneak (Ghoul Wanderer)                    Turns: 4668, Time: 00:09:09

Health: -7/61      AC:  4    Str: 14    XL:     7   Next: 14%
Magic:  9/9        EV: 12    Int:  9    God:    Ashenzari [**....]
Gold:   107        SH:  0    Dex: 10    Spells: 5/9 levels left

rFire   . . .      SeeInvis +   h - +1 whip of the Tethered Augurer {elec, Range, Melee} (curse)
rCold   + . .      Faith    .   (no shield)
rNeg    + + +      Spirit   .   g - +0 robe of the Empyrean {Will+, Self, Elem} (curse)
rPois   ∞          Reflect  .   (no helmet)
rElec   .          Harm     .   j - +0 cloak "Limitation of Ashenzari" {Melee, Cun} (curse)
rCorr   .          Rampage  .   (no gloves)
Will    +....                   d - +0 pair of boots of the Perceptive Fetters {Range, Melee} (curse)
Stlth   +++.......              (no amulet)
HPRegen 0.00/turn               (no ring)
MPRegen 0.11/turn               (no ring)

@: about to teleport, inhibited regen
A: claws 1, cold resistance 1, negative energy resistance 3, inhibited
regeneration, torment resistance 2
a: Renounce Religion, Shatter the Chains


You were on level 5 of the Dungeon.
You worshipped Ashenzari.
Ashenzari was pleased with you.
You visited 1 branch of the dungeon, and saw 5 of its levels.

You collected 185 gold pieces.
You spent 78 gold pieces at shops.

Inventory:

Hand Weapons
 a - a +0 club
 f - a +0 whip
 h - the cursed +1 whip of the Tethered Augurer (weapon) {elec, Range, Melee}
   (You took it off a kobold on level 2 of the Dungeon)

   It occasionally discharges a powerful burst of electricity upon striking a
   foe.
   It has a curse which improves the following skills: Ranged Combat: Slings,
   Bows, Crossbows and Throwing.
   Melee Combat: Short Blades, Long Blades, Axes, Maces & Flails, Polearms,
   Staves and Unarmed Combat.
Missiles
 b - 83 stones (quivered)
 m - 4 poisoned darts
Armour
 c - a +1 leather armour
 d - the cursed +0 pair of boots of the Perceptive Fetters (worn) {Range, Melee}

   It has a curse which improves the following skills: Ranged Combat: Slings,
   Bows, Crossbows and Throwing.
   Melee Combat: Short Blades, Long Blades, Axes, Maces & Flails, Polearms,
   Staves and Unarmed Combat.
 g - the cursed +0 robe of the Empyrean (worn) {Will+, Self, Elem}
   (You found it on level 1 of the Dungeon)

   It has a curse which improves the following skills: Introspection: Fighting
   and Spellcasting.
   Elements:  Fire Magic, Ice Magic, Air Magic and Earth Magic.
 j - the cursed +0 cloak "Limitation of Ashenzari" (worn) {Melee, Cun}
   (You found it on level 3 of the Dungeon)

   It has a curse which improves the following skills: Melee Combat: Short
   Blades, Long Blades, Axes, Maces & Flails, Polearms, Staves and Unarmed
   Combat.
   Cunning:   Dodging and Stealth.
Jewellery
 p - an amulet of the acrobat
Scrolls
 e - 5 scrolls of identify
 i - a scroll of fog
 k - a scroll of teleportation
 o - a scroll of amnesia
Potions
 l - a potion of might
 n - 2 potions of curing


   Skills:
 - Level 4.0(5.2) Fighting
 - Level 2.6(4.7) Maces & Flails
 - Level 1.1(2.0) Dodging
 - Level 4.1(5.2) Stealth
 - Level 1.0(1.8) Spellcasting
 + Level 3.7 Summonings
 - Level 2.2(3.2) Earth Magic
 - Level 4.0 Invocations


You had 5 spell levels left.
You knew the following spells:

 Your Spells              Type           Power      Damage    Failure   Level
a - Summon Small Mammal   Summ           28%        N/A       8%          1
b - Call Canine Familiar  Summ           7%         N/A       22%         3

Your spell library contained the following spells:

 Spells                   Type           Power      Damage    Failure   Level
 Sandblast                Erth           12%        2d6       9%          1
 Corpse Rot               Necr/Air       0%         N/A       45%         2
 Poisonous Vapours        Pois/Air       0%         N/A       45%         2
 Stone Arrow              Conj/Erth      6%         3d7       45%         3
 Summon Ice Beast         Ice/Summ       4%         N/A       83%         4


Dungeon Overview and Level Annotations

Branches:
Dungeon (5/15)             Temple (0/1) D:4

Altars:
Ashenzari
Dithmenos
Sif Muna
Trog
The Shining One

Shops:
D:1 (   D:4 **

Annotations:
D:5 Ijyb


Innate Abilities, Weirdness & Mutations

You thrive by killing the living.
You are immune to poison.
You have sharp fingernails.
Your flesh is cold resistant. (rC+)
You are immune to negative energy. (rN+++)
You do not regenerate when monsters are visible.
You are immune to unholy pain and torment.


Message History

You hear the slow rusting of a distant drain.
Magic restored.
n - 2 potions of curing (gained 1)
Found a potion of mutation.
Found a stone staircase leading down.
An iguana comes into view.
Found 6 gold pieces.
A centaur comes into view.
The centaur shouts!
You hit the iguana.
The iguana is moderately wounded.
You hear a shout!
The centaur wields a +0 shortbow.
The centaur shoots an arrow.
The arrow hits you!
You hit the iguana.
The iguana is moderately wounded.
The iguana bites you.
The centaur shoots an arrow.
The arrow hits you!
You hit the iguana but do no damage.
The iguana is moderately wounded.
The centaur shoots an arrow.
The arrow hits you. The iguana barely misses you.
You hit the iguana.
The iguana is heavily wounded.
An orc comes into view. It is wielding a +0 short sword.
Ijyb the Twisted Goblin comes into view.
She is wielding a +0 dagger and carrying a wand of flame (13).
The iguana bites you!
The centaur shoots an arrow.
The arrow barely misses you.
Ijyb shouts!
You hit the iguana but do no damage.
The iguana is heavily wounded.
The iguana misses you.
Ijyb zaps a wand.
The puff of flame hits you!
The centaur shoots an arrow.
The arrow hits you.
* * * LOW HITPOINT WARNING * * *
A dart slug comes into view.
As you read the scroll of fog, it crumbles to dust.
The scroll dissolves into smoke.
The iguana misses you.
The centaur shoots an arrow.
The arrow hits you!
* * * LOW HITPOINT WARNING * * *
An adder comes into view.
As you read the scroll of teleportation, it crumbles to dust.
You feel strangely unstable.
The centaur shoots an arrow.
The arrow closely misses you. The iguana bites you!
You die...

* #...†.......# , ,
.## #...##.......#
......## ###.#####
* * .#..########.##
, , .............#
* ,, .
##....!......#* *
..#....§§§...#..#*
* ,
.......§§§...##..#
*, , ,
......§§@§...# #.#
#....§l§§...#* .# ,
......§§c§o.S.....
, ,
...$........#...#.#
* ,
................#
................. ,
..............#.. ,
, * w......g.....##
, , .............#


You could see a centaur, an iguana, an adder and an orc.

Vanquished Creatures
  A necrophage (D:4)
  A scorpion (D:4)
  A hound (D:5)
  2 iguanas (D:4)
  Natasha (thrice) (D:3)
  8 adders
  An ufetubus (D:4)
  An adder skeleton (D:4)
  A worm (D:4)
  4 dart slugs
  3 orcs
  11 endoplasms
  A giant cockroach (D:2)
  6 goblins
  10 hobgoblins
  4 quokkas
  8 ball pythons
  6 bats
  7 frilled lizards
  10 kobolds
  8 rats
97 creatures vanquished.

Vanquished Creatures (collateral kills)
  An endoplasm (D:1)
  A giant cockroach (D:1)
  2 jackals (D:5)
  A ball python (D:1)
  A frilled lizard (D:1)
  A rat (D:1)
7 creatures vanquished.

Vanquished Creatures (others)
  A plant (D:1)
1 creature vanquished.

Grand Total: 105 creatures vanquished

Notes
Turn   | Place    | Note
-------+----------+-------------------------------------------
     0 | D:1      | enile the Ghoul Wanderer began the quest for the Orb.
     0 | D:1      | enile set off with the following items: a +0 club, 20
                  | stones, a +0 leather armour, a +0 pair of boots; and the
                  | following spells available to memorise: Summon Small
                  | Mammal, Sandblast, Call Canine Familiar, Stone Arrow,
                  | Summon Ice Beast
     0 | D:1      | Reached XP level 1. HP: 14/14 MP: 1/1
     2 | D:1      | Learned a level 1 spell: Summon Small Mammal
   142 | D:1      | Found Cuocisue's Antique Weapon Shoppe.
   159 | D:1      | Found a faded altar of an unknown god.
   182 | D:1      | Prayed at the altar of an unknown god.
   182 | D:1      | Became a worshipper of Ashenzari the Shackled
   212 | D:1      | Reached XP level 2. HP: 22/22 MP: 2/2
   229 | D:1      | Reached skill level 1 in Fighting
   793 | D:1      | Reached XP level 3. HP: 14/30 MP: 3/3
  1352 | D:2      | Reached skill level 1 in Maces & Flails
  1565 | D:2      | Found a shadowy altar of Dithmenos.
  1599 | D:2      | Reached XP level 4. HP: 32/38 MP: 4/4
  1869 | D:2      | Reached * piety under Ashenzari
  2520 | D:3      | Found a bloodstained altar of Trog.
  2755 | D:3      | Reached XP level 5. HP: 39/46 MP: 6/6
  2856 | D:3      | Reached ** piety under Ashenzari
  2857 | D:3      | Noticed Natasha
  2871 | D:3      | Killed Natasha
  3142 | D:3      | Noticed Natasha
  3156 | D:3      | Killed Natasha
  3309 | D:3      | Learned a level 3 spell: Call Canine Familiar
  3495 | D:3      | Noticed Natasha
  3509 | D:3      | Killed Natasha
  3555 | D:4      | Noticed a necrophage
  3566 | D:4      | Killed a necrophage
  3567 | D:4      | Reached skill level 1 in Dodging
  3567 | D:4      | Reached XP level 6. HP: 42/56 MP: 7/7
  4076 | D:4      | Found Julinyech's General Store.
  4080 | D:4      | Found Huyzxamu's Specific Store.
  4089 | D:4      | Bought a potion of curing for 36 gold pieces
  4089 | D:4      | Bought a scroll of amnesia for 42 gold pieces
  4159 | D:4      | Found a staircase to the Ecumenical Temple.
  4324 | D:4      | Reached XP level 7. HP: 43/61 MP: 8/8
  4351 | D:4      | Found a shimmering blue altar of Sif Muna.
  4586 | D:5      | Entered Level 5 of the Dungeon
  4664 | D:5      | Noticed Ijyb
  4668 | D:5      | Mangled by an iguana

Illustrated notes

Levels and vault maps discovered:
D:1:      saegor_arrival_simple_b, layout_basic,
          shapermc_ecumenical_altar_mp_ritualfount, serial_shops,
          nicolae_shop_hallway_stairs
D:2:      minmay_angry_zag, layout_loops_ring, basic_altar, nrook_loot_triangle
D:3:      layout_basic, lightli_temple_of_fire, minmay_fractal_squares_5,
          uniq_natasha
D:4:      layout_basic, mainiacjoe_overflow_small_starburst,
          minmay_temple_entry_glass, nicolae_specific_store,
          hangedman_abyss_or_decor_slice, minmay_ruined_shrine
D:5:      layout_rooms, mainiacjoe_overflow_alcove_2, lightli_sewer_entry_pipes,
          uniq_ijyb

Skill      XL: |  1  2  3  4  5  6  7 |
---------------+----------------------+-----
Fighting       | 2 3 4 |  4.0
Maces & Flails | 1 2 |  2.6
Invocations    | 3 4 |  4.0
Dodging        | 1 |  1.1
Stealth        | 4 |  4.1
Spellcasting   | |  1.0
Summonings     | |  3.7
Earth Magic    | |  2.2

Action                   |  1- 3 |  4- 6 |  7- 9 || total
-------------------------+-------+-------+-------++-------
Melee: Club              |    24 |       |       ||    24
       Whip              |    89 |   227 |    23 ||   339
       Punch             |     2 |     2 |       ||     4
Throw: Stone             |     2 |     1 |       ||     3
 Cast: Summon Small Mamm |     7 |       |     2 ||     9
       Call Canine Famil |       |     1 |     1 ||     2
Invok: Curse Item        |     1 |     3 |       ||     4
  Use: Scroll            |       |       |     3 ||     3
 Stab: Sleeping          |     2 |     4 |       ||     6
       Distracted        |       |       |     1 ||     1
Armor: Leather armour    |     9 |       |       ||     9
       Robe              |    22 |    54 |     7 ||    83
Dodge: Dodged            |   100 |   130 |    20 ||   250

Table legend: (Time is in decaauts)
 A = Elapsed time spent in this place.
 B = Non-inter-level travel time spent in this place.
 C = Inter-level travel time spent in this place.
 D = Time resting spent in this place.
 E = Time spent auto-exploring this place.
 F = Levels seen in this place.
 G = Mean time per level.
                   A        B        C        D        E       F      G
               +--------+--------+--------+--------+--------+-----+--------+
         Total |   4670 |   4550 |    120 |      0 |   3716 |   5 |  934.0 |
       Dungeon |   4670 |   4550 |    120 |      0 |   3716 |   5 |  934.0 |
               +--------+--------+--------+--------+--------+-----+--------+

Top non-repeatable levels by time:
     D:3: 1228 daAuts
     D:1: 1177 daAuts
     D:2: 1150 daAuts
     D:4: 1033 daAuts
     D:5: 80 daAuts
